 Dungeon Sprint DCSS version 0.27.1-15-g792fb953b9 (webtiles) character file.

Game seed: 14786591976809317168

53 boopmooplesden the Skirmisher (level 3, -6/26 HPs)
             Began as a Gargoyle Fighter on Nov 21, 2021.
             Was an Initiate of Okawaru.
             Mangled by a warg (10 damage)
             ... in the Dungeon (Sprint VII: "The Pits").
             The game lasted 00:01:20 (441 turns).

boopmooplesden the Skirmisher (Gargoyle Fighter)     Turns: 441, Time: 00:01:20

Health: -6/26      AC: 17    Str: 19    XL:     3   Next: 87%
Magic:  3/3        EV:  4    Int:  8    God:    Okawaru [......]
Gold:   0          SH:  9    Dex: 10    Spells: 2/2 levels left

rFire    . . .     SeeInvis .   p - +0 hand axe (vorpal)
rCold    . . .     Faith    .   c - +0 kite shield
rNeg     + . .     Spirit   .   o - +2 plate armour
rPois    ∞         Reflect  .   (no helmet)
rElec    +         Harm     .   (no cloak)
rCorr    .         Rampage  .   (no gloves)
Will     .....     NoTele   +   (no boots)
Stlth    ..........             (no amulet)
HPRegen  0.08/turn              (no ring)
MPRegen  0.08/turn              (no ring)

@: mighty
A: sickness immunity, AC +3, negative energy resistance 1, electricity
resistance, torment resistance 1, petrification resistance
a: Renounce Religion


You were in the Dungeon.
You worshipped Okawaru.
Okawaru was noncommittal.
You visited 1 branch

Inventory:

Hand Weapons
 a - a +0 war axe
 k - a +2 hand axe
 p - a +0 vorpal hand axe (weapon)
Armour
 b - a +0 scale mail
 c - a +0 kite shield (worn)
 o - a +2 plate armour (worn)
Scrolls
 j - a scroll of blinking
 m - 5 scrolls of amnesia
 n - a scroll of summoning
Potions
 e - 6 potions of curing
 f - 4 potions of heal wounds
 g - a potion of haste
 h - 4 potions of magic
 i - 3 potions of berserk rage
 l - 2 potions of invisibility


   Skills:
 + Level 5.2 Fighting
 + Level 3.6 Axes
 + Level 5.0 Armour
 + Level 0.6 Dodging
 + Level 4.9 Shields


You had 2 spell levels left.
You didn't know any spells.
Your spell library was empty.

Dungeon Overview and Level Annotations

Branches:
Dungeon (1/1)

Altars:
Ashenzari
Cheibriados
Dithmenos
Elyvilon
Fedhas
Gozag
Hepliaklqana
Kikubaaqudgha
Makhleb
Nemelex Xobeh
Okawaru
Qazlal
Ru
Sif Muna
Trog
Uskayaw
Vehumet
Wu Jian
Xom
Yredelemnul
Zin
The Shining One
Beogh
Jiyva
Lugonu


Innate Abilities, Weirdness & Mutations

You are immune to sickness and miasma.
Your stone body is resilient. (AC +3)
You are immune to poison.
You resist negative energy. (rN+)
You are resistant to electric shocks. (rElec)
You are resistant to unholy torment.
You are immune to petrification.


Message History

You hit the gnoll.
You kill the gnoll!
Okawaru accepts your kill. The warg bites you!
Your Armour skill increases to level 5!
Unknown command.
You feel much better. You block the warg's attack.
You hit the warg.
The warg is lightly wounded.
The warg bites you! You block the warg's attack.
You hit the warg.
The warg is moderately wounded.
The warg bites you!
A quokka comes into view.
You block the warg's attack.
You feel much better.
The gnoll shaman calls upon its god to speed up the gnoll.
The gnoll seems to speed up.
The warg bites you but does no damage.
You feel very mighty all of a sudden. The warg bites you.
You closely miss the warg.
The warg is lightly wounded.
The warg bites you! The warg bites you.
You slash the warg!
The warg is heavily wounded.
The warg bites you but does no damage. x2
You closely miss the warg.
The warg is heavily wounded.
The warg bites you! The warg barely misses you.
You barely miss the warg.
The warg is heavily wounded.
The warg bites you but does no damage.
You slash the warg!
The warg is almost dead.
The warg bites you but does no damage. The warg bites you.
* * * LOW HITPOINT WARNING * * *
You hit the warg but do no damage.
The warg is almost dead.
The warg bites you!
You die...

#.?(.')))'.##.....
##########.##.....
#..........)'.....
#'#####'#####.....
#.#..#÷.#..##.....
#.#..)..#.)#####'#
#.#..####))##.....
#.#..#..#))##.....
#@#..#..#[.##.....
#h##'#).#'###...<.
#g#....)...##.....
#g#........##.....
#g###########.....


#gK ###### #gr. #.r.# #.##g You could see a warg, a gnoll shaman, 3 gnolls, 2
quokkas, a goblin and a kobold.

Vanquished Creatures
  3 gnolls (D)
  A river rat (D)
  An adder zombie (D)
  A giant cockroach (D)
  A goblin (D)
  2 hobgoblins (D)
  2 kobolds (D)
  A quokka (D)
12 creatures vanquished.

Notes
Turn   | Place    | Note
-------+----------+-------------------------------------------
     0 | D        | boopmooplesden the Gargoyle Fighter began the quest for the
                  | Orb.
     0 | D        | Reached XP level 1. HP: 14/14 MP: 1/1
    42 | D        | Found a bloodstained altar of Trog.
    42 | D        | Found a shimmering blue altar of Sif Muna.
    42 | D        | Found a viscous altar of Jiyva.
    42 | D        | Found a hazy altar of Hepliaklqana.
    42 | D        | Found an opulent altar of Gozag.
    43 | D        | Found a glowing golden altar of the Shining One.
    43 | D        | Found a glowing silver altar of Zin.
    43 | D        | Found a basalt altar of Yredelemnul.
    43 | D        | Found a shimmering altar of Xom.
    43 | D        | Found an ornate altar of the Wu Jian Council.
    43 | D        | Found a sacrificial altar of Ru.
    43 | D        | Found a stormy altar of Qazlal.
    43 | D        | Found an iron altar of Okawaru.
    43 | D        | Found a sparkling altar of Nemelex Xobeh.
    43 | D        | Found a burning altar of Makhleb.
    43 | D        | Found a blossoming altar of Fedhas.
    43 | D        | Found a white marble altar of Elyvilon.
    43 | D        | Found a shadowy altar of Dithmenos.
    43 | D        | Found a snail-covered altar of Cheibriados.
    44 | D        | Found a radiant altar of Vehumet.
    44 | D        | Found a corrupted altar of Lugonu.
    45 | D        | Found an ancient bone altar of Kikubaaqudgha.
    45 | D        | Found a hide-covered altar of Uskayaw.
    45 | D        | Found a broken altar of Ashenzari.
    51 | D        | Became a worshipper of Warmaster Okawaru
    72 | D        | Reached XP level 2. HP: 10/20 MP: 2/2
   333 | D        | Reached XP level 3. HP: 16/25 MP: 3/3
   341 | D        | Reached skill level 5 in Fighting
   406 | D        | Noticed a warg
   431 | D        | Reached skill level 5 in Armour
   441 | D        | Mangled by a warg

Illustrated notes

Levels and vault maps discovered:
D:        pitsprint [storerooms_1, entrance_room_1, metal_vault_5, armoury_2,
          mini_pit_1, grid_room_1, main_hall_1, silver_pit, the_coven_1,
          the_vestibule_1, steel_vault_5, golden_pit, hallway_of_sentries,
          crystal_vault_2, iron_vault_3, final_vault]

Skill      XL: |  1  2  3 |
---------------+----------+-----
Fighting       | 4 5 |  5.2
Axes           | 2 3 |  3.6
Armour         | 4 5 |  5.0
Shields        | 4 |  4.9
Dodging        | |  0.6

Action                   || total
-------------------------++-------
Melee: War axe           ||    39
       Hand axe          ||    25
  Use: Potion            ||     3
Armor: Scale mail        ||    25
       Plate armour      ||    11
Dodge: Dodged            ||    30
Block: Kite shield       ||    33
